 Dungeon Sprint DCSS version 0.30-a0-297-g0ec75d9ef4 (webtiles) character file.

Game seed: 11047835334391417994

265 rocky1 the Covert (level 6, -6/38 HPs)
             Began as a Kobold Brigand on Oct 19, 2022.
             Splashed by a jelly's acid (7 damage)
             ... in the Dungeon (Sprint III: "The Ten Rune Challenge").
             The game lasted 00:01:52 (273 turns).

rocky1 the Covert (Kobold Brigand)                   Turns: 273, Time: 00:01:52

Health: -6/38      AC: -9    Str:  8    XL:     6   Next: 44%
Magic:  6/6        EV: 15    Int: 13    God:
Gold:   17         SH:  0    Dex: 18    Spells: 5/5 levels left

rFire   . . .      SeeInvis .    a - +2 dagger
rCold   . . .      Faith    .    (no shield)
rNeg    . . .      Spirit   .    b - +0 robe
rPois   .          Reflect  .    (no helmet)
rElec   .          Harm     .    c - +0 cloak
rCorr   .          Rampage  .    (no gloves)
Will    .....      NoTele   +    (no boots)
Stlth   +++++++...               (no amulet)
HPRegen 0.26/turn                (no ring)
MPRegen 0.10/turn                (no ring)

@: corroded
A: small, no large weapons, nightstalker 3
a: no special abilities


You were in the Dungeon.
You visited 1 branch You collected 17 gold pieces.

Inventory:

Hand Weapons
 a - a +2 dagger (weapon)
Missiles
 d - 9 poisoned darts
 e - 3 curare-tipped darts (quivered)
Armour
 b - a +0 robe (worn)
 c - a +0 cloak (worn)
 m - a +0 cloak
Scrolls
 k - a scroll of blinking
 n - a scroll of immolation
 p - a scroll of torment
Potions
 h - a potion of haste
 i - 2 potions of magic
 j - a potion of berserk rage
 o - 2 potions of flight
 q - 5 potions of mutation


   Skills:
 + Level 4.3 Fighting
 + Level 6.2 Short Blades
 + Level 5.1 Throwing
 + Level 2.2 Dodging
 + Level 14.9 Stealth


You had 5 spell levels left.
You didn't know any spells.
Your spell library was empty.

Dungeon Overview and Level Annotations

Branches:
Dungeon (1/1)

Altars:
Okawaru
Trog
Uskayaw
Wu Jian


Innate Abilities, Weirdness & Mutations

You are small and have problems with some larger weapons.
You are completely attuned to the shadows.


Message History

You hit the jelly. The acid corrodes you!
Your hands burn!
The jelly is lightly wounded.
You hit the jelly but do no damage.
Your hands burn!
The jelly is lightly wounded.
The jelly barely misses you.
You hit the jelly.
Your hands burn!
The jelly is lightly wounded.
The jelly closely misses you.
You hit the jelly but do no damage.
Your hands burn!
The jelly is lightly wounded.
The jelly hits you.
* * * LOW HITPOINT WARNING * * *
You are splashed with acid.
* * * LOW HITPOINT WARNING * * *
Unknown command.
Okay, then.
You feel much better. The jelly hits you. The acid corrodes you!
You are splashed with acid.
Unknown command.
You hit the jelly but do no damage.
Your hands burn!
The jelly is lightly wounded.
You hit the jelly but do no damage. The acid corrodes you!
Your hands burn!
The jelly is lightly wounded.
The jelly closely misses you.
You hit the jelly.
Your hands burn!
The jelly is moderately wounded.
The jelly hits you.
You are splashed with acid!
* * * LOW HITPOINT WARNING * * *
You hit the jelly but do no damage.
Your hands burn!
* * * LOW HITPOINT WARNING * * *
The jelly is moderately wounded.
You feel better. The jelly hits you.
* * * LOW HITPOINT WARNING * * *
You are splashed with acid!
* * * LOW HITPOINT WARNING * * *
Unknown command.
The jelly attacks as you move away! The jelly hits you.
* * * LOW HITPOINT WARNING * * *
You are splashed with acid!
You die... # ##.# #### #####..# __p# .#..#..# __p

.#..#..###+#+###+##
.##'#..#..........#
.###...'.⌠........#
####†..#...######'#
###....#.⌠.# #...#
##.....#...# #.@.#
#......#+### #.J.#
.#.....# #...+
###....# +...# ▓▓▓▓
▓▓▓▓▓


You could see a jelly.

Vanquished Creatures
  A shadow (D)
  A water elemental (D)
  Crazy Yiuf (D)
  A human (D)
  2 endoplasms (D)
  2 rats (D)
8 creatures vanquished.

Notes
Turn   | Place    | Note
-------+----------+-------------------------------------------
     0 | D        | rocky1 the Kobold Brigand began the quest for the Orb.
     0 | D        | Reached XP level 1. HP: 12/12 MP: 1/1
    13 | D        | Reached skill level 6 in Stealth
    66 | D        | Noticed Crazy Yiuf
    74 | D        | Killed Crazy Yiuf
    75 | D        | Reached skill level 9 in Stealth
    75 | D        | Reached XP level 2. HP: 18/18 MP: 2/2
    75 | D        | Reached XP level 3. HP: 22/22 MP: 3/3
    99 | D        | Reached XP level 4. HP: 28/28 MP: 4/4
   134 | D        | Noticed a water elemental
   137 | D        | Killed a water elemental
   138 | D        | Reached skill level 5 in Short Blades
   138 | D        | Reached skill level 11 in Stealth
   138 | D        | Reached XP level 5. HP: 32/32 MP: 5/5
   242 | D        | Found a hide-covered altar of Uskayaw.
   242 | D        | Found an iron altar of Okawaru.
   242 | D        | Found a bloodstained altar of Trog.
   242 | D        | Found an ornate altar of the Wu Jian Council.
   242 | D        | Noticed a human
   242 | D        | Noticed a human
   252 | D        | Noticed a shadow
   254 | D        | Killed a shadow
   255 | D        | Reached skill level 5 in Throwing
   255 | D        | Reached skill level 14 in Stealth
   255 | D        | Reached XP level 6. HP: 38/38 MP: 6/6
   269 | D        | HP: 1/38 [acid (1)]
   273 | D        | Splashed by a jelly's acid

Illustrated notes

Levels and vault maps discovered:
D:        dungeon_sprint_mu [sprint_mu_entry_cave, sprint_mu_temple_rooms,
          sprint_mu_d1_spiders, sprint_mu_d2_genie, sprint_mu_d3_branching,
          sprint_mu_orc_legion, sprint_mu_elf_gauntlet, sprint_mu_hive_nellie,
          sprint_mu_lair_fedhas, sprint_mu_vaults_butterflies,
          sprint_mu_slime_circle, sprint_mu_swamp_cave, sprint_mu_shoals_archi,
          sprint_mu_blade_basic, sprint_mu_crypt_fortress,
          sprint_mu_tomb_spiral, sprint_mu_vestibule_basic,
          sprint_mu_gehenna_hellfire, sprint_mu_dis_giant,
          sprint_mu_tartarus_statrot, sprint_mu_cocytus_islands, sprint_mu_zot1]

Skill      XL: |  1  2  3  4  5 |
---------------+----------------+-----
Stealth        | 9 11 14 | 14.9
Short Blades   | 3 4 5 6 |  6.2
Throwing       | 3 4 5 |  5.1
Fighting       | 3 4 |  4.3
Dodging        | 2 |  2.2

Action                   |  1- 3 |  4- 6 || total
-------------------------+-------+-------++-------
Melee: Dagger            |    22 |    13 ||    35
       Punch             |     2 |       ||     2
Throw: Dart              |     4 |       ||     4
  Use: Scroll            |       |     3 ||     3
       Potion            |       |     2 ||     2
 Stab: Sleeping          |     1 |     2 ||     3
Armor: Robe              |     1 |     1 ||     2
Dodge: Dodged            |     8 |     4 ||    12

Table legend: (Time is in decaauts)
 A = Elapsed time spent in this place.
 B = Non-inter-level travel time spent in this place.
 C = Inter-level travel time spent in this place.
 D = Time resting spent in this place.
 E = Time spent auto-exploring this place.
 F = Levels seen in this place.
 G = Mean time per level.
                   A        B        C        D        E       F      G
               +--------+--------+--------+--------+--------+-----+--------+
         Total |    264 |    264 |      0 |    117 |     14 |   1 |  264.0 |
       Dungeon |    264 |    264 |      0 |    117 |     14 |   1 |  264.0 |
               +--------+--------+--------+--------+--------+-----+--------+

Top non-repeatable levels by time:
       D: 264 daAuts
